Map: Orbital Shipyard

Players

Fiend - Winner!

  • Race: Terran Terran
  • League: Platinum

Fire

  • Race: Zerg Zerg
  • League: Platinum

VOD

Have the link to the VOD?

Description

Time

  • Played on: March 27, 2016, 5:39 p.m.
  • Length: 5:46
Show
View Real Time Build Order
Export as new Build Order

Fiend Terran - Winner!

Build Orders: Reaper Expand 

Get SALT Encoding   

  12  0:00  SCV  
  13  0:12  SCV  
  14  0:17  Supply Depot  
  14  0:24  SCV  
  15  0:28  Refinery  
  15  0:39  SCV  
  16  0:45  Barracks  
  16  0:53  SCV  
  17  1:05  SCV  
  18  1:18  SCV  
  19  1:31  Orbital Command  
  19  1:33  Reaper  
  20  1:52  Command Center  
  20  2:00  Supply Depot  
  20  2:02  SCV  
  20  2:05  Marine  
  22  2:17  Factory  
  22  2:22  SCV  
  22  2:34  Barracks Reactor  
  22  2:37  SCV  
  22  2:39  Refinery  
  23  2:49  SCV  
  24  3:01  Supply Depot  
  24  3:05  Factory Tech Lab  
  24  3:07  SCV  
  24  3:08  Orbital Command  
  25  3:12  Marine  
  25  3:13  Marine  
  25  3:19  SCV, Starport  
  28  3:23  Supply Depot  
  28  3:28  Siege Tank  
  28  3:30  Marine x2  
  28  3:31  SCV  
  34  3:40  SCV  
  35  3:48  Marine x2  
  37  3:57  SCV x2  
  37  3:58  Engineering Bay x2  
  37  4:00  Medivac  
  41  4:06  Marine  
  41  4:09  SCV  
  43  4:18  Marine  
  43  4:19  Siege Tank  
  46  4:27  Supply Depot  
  46  4:29  Missile Turret  
  46  4:32  Missile Turret  
  46  4:34  SCV  
  46  4:36  SCV  
  48  4:49  Missile Turret  
  48  4:50  Missile Turret  
  49  4:52  SCV  
  49  4:53  SCV  
  49  4:54  Missile Turret  
  50  5:03  Barracks  
  50  5:04  Marine x2  
  50  5:05  SCV  
  53  5:09  Siege Tank  
  53  5:11  SCV  
  57  5:19  Supply Depot x2  
  57  5:27  Barracks, SCV x2  
Show
View Real Time Build Order
Export as new Build Order

Fire Zerg 

Build Orders: Hatch First 

Get SALT Encoding   

  12  0:01  Drone  
  13  0:12  Overlord  
  13  0:18  Drone  
  14  0:31  Drone x2  
  14  0:34  Drone  
  17  0:53  Hatchery  
  16  1:08  Spawning Pool  
  16  1:10  Drone  
  16  1:16  Drone  
  16  1:17  Drone  
  18  1:20  Extractor  
  17  1:25  Overlord  
  17  1:34  Drone  
  18  1:45  Drone  
  19  1:55  Queen  
  19  1:56  Extractor  
  19  1:57  Zergling x2  
  21  2:05  Queen  
  21  2:06  Zergling x2  
  21  2:07  Drone  
  25  2:20  Drone  
  25  2:21  Drone  
  27  2:23  Metabolic Boost  
  27  2:28  Overlord  
  27  2:36  Drone x2  
  29  2:38  Drone  
  30  2:47  Evolution Chamber, Drone  
  30  2:50  Drone  
  31  3:05  Pneumatized Carapace  
  31  3:09  Drone  
  31  3:10  Drone x4  
  36  3:16  Drone x2  
  38  3:22  Overlord  
  38  3:29  Zergling x6  
  38  3:31  Drone  
  42  3:39  Zergling x4  
  44  3:41  Drone  
  44  3:42  Drone x2  
  47  4:12  Zergling x2  
  47  4:13  Zergling x8  
  47  4:15  Overlord x3  
  52  4:25  Overlord  
  52  4:34  Drone  
  52  4:35  Drone  
  52  4:38  Zergling x4  
  56  4:40  Zergling x6  
  59  4:46  Zergling x2  
  59  4:50  Zergling x4  
  59  4:51  Zergling x4  
  64  5:00  Zergling x4  
  66  5:14  Zergling x8  
Tags
 
Add a new tag
Caveats
  • Supply blocks, unpowered buildings, or Contaminate may cause inaccurate times.
  • Supply counts are checked every 10 seconds.